Map: Automaton LE

Players

ParkwayDMD

  • Race: Zerg Zerg
  • League: Platinum
  • Spawn Location: 3:00

A.I. 1 (Very Easy) - Winner!

  • Race: Terran Terran
  • Spawn Location: 9:00

VOD

Have the link to the VOD?

Description

Time

  • Played on: May 15, 2019, 9:05 a.m.
  • Length: 6:23
Show
View Real Time Build Order
Export as new Build Order

ParkwayDMD Zerg 

Build Orders: Pool First 

Get SALT Encoding   

  12  0:18  Spawning Pool  
  11  0:23  Drone  
  11  0:28  Drone  
  13  0:32  Drone  
  14  0:41  Overlord  
  14  1:07  Zergling x6  
  17  1:18  Zergling x2  
  18  1:24  Hatchery  
  17  1:30  Zergling x2  
  18  1:40  Zergling x2  
  18  1:45  Queen  
  21  1:50  Drone  
  22  2:00  Overlord  
  22  2:19  Drone  
  22  2:21  Queen  
  25  2:24  Drone  
  25  2:28  Extractor  
  25  2:33  Drone  
  25  2:36  Queen  
  28  2:40  Drone  
  29  2:45  Drone  
  30  2:53  Drone  
  30  2:56  Drone  
  32  2:59  Drone  
  32  3:02  Drone  
  34  3:07  Overlord  
  34  3:14  Overlord  
  34  3:28  Drone  
  34  3:29  Drone  
  34  3:31  Drone x2  
  38  3:36  Lair  
  38  3:43  Extractor  
  38  3:44  Drone x2  
  38  3:46  Drone  
  40  4:00  Drone  
  40  4:01  Drone x3  
  44  4:09  Evolution Chamber  
  43  4:10  Evolution Chamber  
  42  4:20  Roach Warren  
  42  4:21  Drone  
  42  4:22  Drone x2  
  44  4:34  Drone  
  44  4:35  Drone x3  
  44  4:36  Drone  
  44  4:37  Drone  
  50  4:41  Overlord  
  50  4:51  Overlord  
  50  4:59  Glial Reconstitution  
  50  5:14  Roach  
  50  5:15  Roach x5  
  62  5:26  Roach x2  
  66  5:32  Queen  
  66  5:34  Overlord  
  66  5:35  Overlord  
  68  5:44  Overlord  
  68  5:53  Roach x6  
  80  6:01  Roach  
  80  6:02  Roach  
  80  6:03  Roach x2  
  88  6:04  Roach  
  92  6:11  Drone, Extractor  
Show
View Real Time Build Order
Export as new Build Order

A.I. 1 (Very Easy) Terran - Winner!

Build Orders:  

Get SALT Encoding   

  12  0:00  SCV  
  13  0:13  SCV  
  14  0:20  Supply Depot  
  14  0:37  Refinery  
  14  0:45  Barracks  
  14  1:07  Supply Depot  
  14  1:13  Refinery  
  14  1:32  Marine, SCV  
  16  1:44  SCV  
  17  1:56  SCV  
  18  2:08  SCV  
  18  2:09  Marine  
  20  2:20  SCV  
  21  2:32  SCV  
  22  2:45  Marine, Orbital Command  
  23  6:05  Marine, SCV  
  23  6:07  Supply Depot  
  23  6:11  Factory  
Tags
 
League
Platinum
Matchup
TvZ
Opening
Pool First
Spawn Locations
Cross Positions
Add a new tag
Caveats
  • Supply blocks, unpowered buildings, or Contaminate may cause inaccurate times.
  • Supply counts are checked every 10 seconds.